AoeStats
← Bombacı Mülayim

Nomad

508297780Analyzed
2v2 RM · 9d ago on Sep 21, 2026· 37m 45s· 4 players
Game mode
Random Map
Map size
176×176
Population
200
Speed
Normal
Resources
Standard
Victory
Conquest
Starting age
Dark Age
Ending age
Imperial Age
RankedLock teamsTeams togetherTeam positionsShared explorationLock speedFull tech treeHidden civsTurbo modeCheats
Victory
Defeat
🇸🇪 Gurjaras · Sweden
1492
+14
🇸🇪 Teutons · Sweden
1476
+15
🇹🇷 Wei · Türkiye
1483
-16
🇦🇷 Lithuanians · Argentina
1420
-13
[TBArg] kaos_leo
9:28 Loom
12:07 Feudal Age
12:36 Double-Bit Axe
16:18 Fishing Lines
21:48 Castle Age
20:18 Gold Mining
21:14 Fletching
21:36 Forging
23:05 Medium Warships
24:16 Horse Collar
25:24 Bow Saw
26:41 Iron Casting
27:16 Gillnets
29:33 Heavy Plow
31:18 Wheelbarrow
33:20 Scale Barding Armor
36:39 Imperial Age
35:50 Stone Mining
37:14 Chain Barding Armor
Bombacı Mülayim
9:39 Loom
12:03 Feudal Age
17:20 Castle Age
16:00 Fletching
17:39 Padded Archer Armor
18:07 Double-Bit Axe
18:22 Horse Collar
21:04 Bodkin Arrow
23:40 Bow Saw
25:14 Heavy Plow
BonanaKing
5:07 Loom
13:31 Feudal Age
14:08 Double-Bit Axe
15:20 Fishing Lines
19:51 Castle Age
20:51 Medium Warships
20:34 Gillnets
21:02 Bow Saw
23:06 Gold Mining
23:47 Town Watch
31:32 Imperial Age
29:09 Scale Barding Armor
29:17 Horse Collar
30:01 Bloodlines
30:52 Chain Barding Armor
31:18 Forging
31:35 Cavalier
32:51 Plate Barding Armor
33:19 Iron Casting
33:31 Paladin
36:20 Blast Furnace
37:24 Wheelbarrow
DENNIS
5:27 Loom
13:40 Feudal Age
17:20 Castle Age
16:00 Fletching
20:33 Scale Barding Armor
20:36 Bodkin Arrow
21:35 Chain Barding Armor
23:59 Double-Bit Axe
Connection lost

Rejoining the realm…

Still unreachable

The connection could not be restored.

Session expired

The server has moved on; the page needs a fresh start.